 Dungeon Crawl Stone Soup version 0.30.0-30-g96aa6591b8 (webtiles) character file.

Game seed: 666127165767388701

131275 Peloso the Peltast (level 16, -1/152 HPs)
             Began as a Minotaur Fighter on June 28, 2023.
             Was the Champion of Okawaru.
             Slain by a naga warrior
             ... wielding a +0 glaive
              (42 damage)
             ... on level 2 of the Snake Pit on June 29, 2023.
             The game lasted 01:07:38 (29142 turns).

Peloso the Peltast (Minotaur Fighter)              Turns: 29142, Time: 01:07:38

Health: -1/152     AC: 32    Str: 26    XL:     16   Next: 54%
Magic:  16/16      EV:  7    Int:  8    God:    Okawaru [******]
Gold:   3129       SH: 20    Dex: 15    Spells: 15/15 levels left

rFire   . . .        a - +7 Throatcutter {drain, coup de grace}
rCold   + . .        d - +5 Storm Queen's Shield {shock, Fly rElec}
rNeg    . . .        R - +3 plate armour {rPois}
rPois   +            S - +2 hat "Bitwiless" {Dex+2 Stlth+}
rElec   +            f - +2 cloak
rCorr   .            l - +2 pair of gloves of the Final Beggars {Slay+2}
SInv    +            e - +0 pair of boots {Fly}
Will    ++...        k - amulet of the acrobat Stlth
                     T - ring of protection from cold
HPRegen 0.45/turn    p - ring "Wohailet" {Will+ Int+3 SInv}
MPRegen 0.15/turn

%: acrobat
@: flying, constricted
A: horns 2, retaliatory headbutt
a: Renounce Religion, Heroism, Finesse, Duel


You were on level 2 of the Snake Pit.
You worshipped Okawaru.
Okawaru was exalted by your worship.
You visited 5 branches of the dungeon, and saw 25 of its levels.
You also visited: Bailey, Gauntlet, Ice Cave and Volcano.

You collected 3129 gold pieces.

Inventory:

Hand Weapons
 a - the +7 Throatcutter (weapon) {drain, coup de grace}
   (You found it on level 9 of the Dungeon)
 b - a +5 demon blade of draining
 c - a +2 antimagic double sword
 B - a +3 double sword of holy wrath
Armour
 d - the +5 Storm Queen's Shield (worn) {shock, Fly rElec}
   (Okawaru gifted it to you on level 3 of the Lair of Beasts)

   Shock:     When it blocks an attack, it may electrocute the attacker.
   This works even against foes who are a short distance away.
   rElec:     It insulates you from electricity.
   Fly:       It grants you flight.
 e - a +0 pair of boots of flying (worn)
 f - a +2 cloak (worn)
 l - the +2 pair of gloves of the Final Beggars (worn) {Slay+2}
   (You found it in a Gauntlet)

   Slay:      It affects your accuracy & damage with ranged weapons and melee
   (+2).
 m - a +0 plate armour of positive energy
 r - a +2 plate armour of cold resistance
 R - a +3 plate armour of poison resistance (worn)
 S - the +2 hat "Bitwiless" (worn) {Dex+2 Stlth+}
   (Okawaru gifted it to you in a Gauntlet)

   Dex:       It affects your dexterity (+2).
   Stlth:     It makes you more stealthy.
Jewellery
 k - an amulet of the acrobat (around neck)
 p - the ring "Wohailet" (right hand) {Will+ Int+3 SInv}
   (You took it off a gnoll bouda in a bailey)

   [ring of see invisible]

   Int:       It affects your intelligence (+3).
   SInv:      It lets you see invisible.
   Will:      It increases your willpower.
 s - a +4 ring of slaying
 t - a +6 ring of intelligence
 E - an amulet of reflection
 M - a ring of resist corrosion
 T - a ring of protection from cold (left hand)
Wands
 j - a wand of quicksilver (3)
 y - a wand of iceblast (7)
 G - a wand of paralysis (14)
 Y - a wand of flame (9)
Scrolls
 g - 5 scrolls of poison
 h - 13 scrolls of teleportation
 n - 2 scrolls of blinking
 w - 2 scrolls of fear
 x - 4 scrolls of immolation
 z - 6 scrolls of fog
 H - 6 scrolls of identify
 P - 2 scrolls of magic mapping
 U - 4 scrolls of enchant armour
Potions
 i - a potion of mutation
 q - 8 potions of curing
 u - 3 potions of resistance
 v - 2 potions of invisibility
 A - 2 potions of haste
 D - 2 potions of heal wounds
 F - a potion of flight
 I - 4 potions of might
Miscellaneous
 o - a phial of floods


   Skills:
 + Level 16.5 Fighting
 + Level 1.2(11.0) Short Blades
 + Level 18.1 Long Blades
 + Level 1.6 Polearms
 + Level 17.1 Armour
 + Level 6.6 Dodging
 + Level 2.5 Stealth
 + Level 19.4 Shields
 + Level 2.3 Invocations


You had 15 spell levels left.
You didn't know any spells.
Your spell library contained the following spells:

 Spells                   Type           Power      Damage    Failure   Level
 Beastly Appendage        Tmut           0%         N/A       97%         1
 Magic Dart               Conj           0%         1d3       97%         1
 Cigotuvi's Dreadful Rot  Necr/Pois/Air  0%         N/A       99%         2
 Searing Ray              Conj           0%         2d4       99%         2
 Sublimation of Blood     Necr           0%         N/A       99%         2
 Wereblood                Tmut           0%         N/A       99%         2
 Ignite Poison            Fire/Tmut/Pois 0%         N/A       100%        3
 Spider Form              Tmut/Pois      0%         N/A       100%        3
 Airstrike                Air            0%         2d(0-16)  100%        4
 Cause Fear               Hex            0%         N/A       100%        4
 Dispel Undead            Necr           0%         3d6       100%        4
 Fulminant Prism          Conj/Hex       0%         3d5       100%        4
 Alistair's Intoxication  Tmut/Pois      0%         N/A       100%        5
 Arcjolt                  Conj/Air       0%         1d10      100%        5
 Blade Hands              Tmut           0%         N/A       100%        5
 Borgnjor's Vile Clutch   Necr/Erth      0%         N/A       100%        5
 Fireball                 Conj/Fire      0%         3d3       100%        5
 Freezing Cloud           Conj/Ice/Air   0%         6-21      100%        5
 Irradiate                Conj/Tmut      0%         3d11      100%        5
 Iskenderun's Battlesphe  Conj           0%         2d6       100%        5
 Conjure Ball Lightning   Conj/Air       0%         3x3d6     100%        6
 Eringya's Noxious Bog    Tmut/Pois      0%         N/A       100%        6
 Dragon Form              Tmut           0%         N/A       100%        7
 Orb of Destruction       Conj           0%         9d5       100%        7
 Storm Form               Tmut/Air       0%         N/A       100%        7
 Maxwell's Capacitive Co  Air            0%         ∞         100%        8
 Necromutation            Tmut/Necr      0%         N/A       100%        8
 Animate Armour           Summ/Erth      Unusable   N/A       N/A         4
 Summon Ice Beast         Ice/Summ       Unusable   N/A       N/A         4
 Summon Lightning Spire   Summ/Air       Unusable   N/A       N/A         4
 Summon Forest            Summ/Tloc      Unusable   N/A       N/A         5
 Summon Mana Viper        Hex/Summ       Unusable   N/A       N/A         5
 Death Channel            Necr           Unusable   N/A       N/A         6
 Summon Cactus Giant      Summ           Unusable   N/A       N/A         6
 Dragon's Call            Summ           Unusable   N/A       N/A         9

Dungeon Overview and Level Annotations

Branches:
Dungeon (15/15)            Temple (1/1) D:5            Lair (5/5) D:11
 Shoals (0/4) Lair:3        Snake (2/4) Lair:3        Slime (0/5) Lair:4
    Orc (2/2) D:11            Elf (0/3) Orc:2        Vaults (0/5) D:14
 Depths (0/4) D:15         Bailey (visited)           IceCv (visited)
Volcano (visited)         Gauntlet (visited)

Altars:
Ashenzari
Cheibriados
Dithmenos
Elyvilon
Fedhas
Gozag
Hepliaklqana
Kikubaaqudgha
Makhleb
Nemelex Xobeh
Okawaru
Qazlal
Ru
Sif Muna
Trog
Uskayaw
Vehumet
Wu Jian
Xom
Yredelemnul
Zin
The Shining One
Jiyva

Shops:
D:4 [[(!:   D:7 *   D:12 *   Orc:2 :(*=(   Snake:1 :

Annotations:
D:12 Casa


Innate Abilities, Weirdness & Mutations

You have a pair of horns on your head.
You reflexively headbutt those who attack you in melee.


Message History

You hit the guardian serpent. You headbutt the guardian serpent.
The guardian serpent is severely wounded.
The naga barely misses you. You furiously retaliate!
You headbutt the naga. You block the naga warrior's attack.
The naga spits poison at you. You block the splash of poison.
Your shield discharges, shocking the naga!
You kill the naga!
Okawaru accepts your kill.
The naga warrior roars a battlecry!
The naga warrior goes into a battle-frenzy!
The naga warrior constricts you.
You block the guardian serpent's attack.
Unknown command.
You slash the guardian serpent!
You kill the guardian serpent!
Okawaru accepts your kill. You block the naga's attack.
The naga warrior hits you with a +0 halberd!!
You block the naga's attack.
The naga warrior hits you with a +0 glaive!!
The naga warrior constricts you.
You slice the naga!! You drain the naga.
You kill the naga!
Okawaru accepts your kill. You block the naga's attack.
Your shield discharges, shocking the naga!
You block the naga warrior's attack.
Your shield discharges, shocking the naga warrior!
You slice the naga warrior!!
The naga warrior is severely wounded.
You block the naga warrior's attack. The naga warrior constricts you.
The naga hits you with a +0 dire flail!!
* * * LOW HITPOINT WARNING * * *
Unknown command.
You hit the naga warrior.
The naga warrior is severely wounded.
You block the naga warrior's attack.
The naga warrior hits you with a +0 glaive!!!
You die...

,,,,*,,,,,,,,,,,,...........## #.
,,,**,,,,,,,,,,,,............# ##
,****,,,,,,,,,,***...........# #
** *,,,,,,,,,,** ###.........## #
* *,,,,,,***** ##............###
* *,,,,,** ###..............## *
**,,,,*######.................#
**,,,<,,......NNN...............
**,,,,,,,.......@)......##.......
*,,,,,,,,...#..)†#......##.......
,,,,,,,,****#....###..#####......
,,,,,,,,* #.....*#### #......
,,,,,,,** **#.....,**######......
,,,,,,,****........,,............
,,,,,,,,,,N...#####,,............
***,,,,,,,..##* **,..........##
**,,,,,,,,** *,........###


You could see 2 naga warriors and a naga (strong).

Vanquished Creatures
  An Ice Fiend (IceCv)
  Jorgrun (D:13)
  Gastronok (D:8)
  The ghost of MrAu the Tortoise, an adept HuFi of the Shining One (Orc:2)
  The ghost of ripuliukko the Eclecticist, an adept DEEE of Vehumet (Snake:1)
  Aizul (Snake:1)
  A stone giant (D:15)
  A very ugly thing (Snake:2)
  The ghost of polpettosauro the Grappler, a journeyman DrTm of Wu Jian (Lair:5)
  A minotaur (Gauntlet)
  2 fire dragons
  A merfolk javelineer (Orc:2)
  2 centaur warriors (D:13)
  An ogre mage (D:15)
  3 hydras
  A naga warrior (Snake:1)
  3 catoblepae
  2 anacondas (Snake:1)
  2 death scarabs (Gauntlet)
  A deep troll shaman (Lair:5)
  7 two-headed ogres
  3 tengu warriors
  9 boulder beetles
  9 death yaks (Lair:5)
  3 orc high priests (Orc:2)
  6 naga sharpshooters (Snake:1)
  2 shock serpents
  A skyshark (Lair:3)
  A deep elf knight (Orc:2)
  4 sixfirhies (Gauntlet)
  2 spectral death yaks (Gauntlet)
  8 spriggan simulacra (IceCv)
  4 naga ritualists
  An obsidian statue (IceCv)
  A phantasmal warrior (D:14)
  6 orc knights
  A lindwurm (Lair:5)
  5 mana vipers
  An oklob plant (Lair:1)
  A bog body (IceCv)
  3 deep elf pyromancers
  A manticore (D:15)
  5 cyclopes
  A salamander (Snake:1)
  13 ugly things
  5 orc sorcerers
  16 elephants
  2 moths of wrath (Lair:5)
  A merfolk siren (Lair:3)
  An orange demon (D:10)
  2 naga magi (Snake:1)
  18 black mambas
  3 guardian serpents
  3 unseen horrors
  8 komodo dragons
  A gargoyle (D:7)
  Maggie (D:8)
  12 cane toads
  A kobold demonologist (D:12)
  3 rime drakes
  3 freezing wraiths (IceCv)
  11 ice devils
  A golden dragon simulacrum (IceCv)
  2 anaconda simulacra (IceCv)
  6 trolls
  4 polar bears
  A red devil (D:10)
  The ghost of TangoThomas the Conjurer, an amateur DsRe (D:4)
  2 hornets
  6 blink frogs
  A spectral dream sheep (Gauntlet)
  13 slime creatures
  7 wyverns
  A centaur simulacrum (D:15)
  3 vampires (D:12)
  5 spriggans (Lair:5)
  Sigmund (D:5)
  2 fire bats (Volcano)
  2 dire elephant simulacra (IceCv)
  A culicivora (shapeshifter) (D:15)
  A wraith (D:13)
  45 yaks
  A spectral komodo dragon (Gauntlet)
  3 basilisks
  21 vampire mosquitoes
  2 steam dragons
  A warg (D:15)
  A chaos spawn (D:10)
  12 minotaur simulacra (IceCv)
  8 nagas
  2 harpy simulacra (IceCv)
  2 hydra simulacra (IceCv)
  2 hell hounds (Volcano)
  12 water moccasins
  2 ice beasts (D:5)
  An alligator simulacrum (IceCv)
  23 orc warriors
  A black bear (Lair:5)
  7 ogres
  An ice beast (shapeshifter) (D:14)
  2 sky beasts
  11 wolves
  A tengu (shapeshifter) (D:11)
  4 phantoms (D:5)
  9 centaurs
  Blork the orc (Temple)
  2 kobold brigands
  9 gnoll sergeants (Bailey)
  14 bullfrogs
  7 deep troll simulacra (IceCv)
  3 scorpions
  10 wights
  A lindwurm simulacrum (IceCv)
  18 killer bees
  3 electric eels (Lair:4)
  5 howler monkeys
  2 quasits (D:10)
  15 orc priests
  7 gnoll boudas
  4 hounds
  A jelly (D:5)
  4 iguanas
  2 sleepcaps
  26 orc wizards
  Terence (D:2)
  16 gnolls
  9 adders
  2 white imps
  2 ufetubi
  2 worms (D:2)
  3 dart slugs
  94 orcs
  6 bats
  8 endoplasms
  4 giant cockroaches
  8 goblins
  5 hobgoblins
  3 jackals (D:1)
  9 kobolds
  A kobold (shapeshifter) (D:15)
  5 quokkas
  6 ball pythons
  2 frilled lizards
  4 rats
  3 butterflies (Lair:2)
778 creatures vanquished.

Notes
Turn   | Place    | Note
-------+----------+-------------------------------------------
     0 | D:1      | Peloso the Minotaur Fighter began the quest for the Orb.
     0 | D:1      | Reached XP level 1. HP: 19/19 MP: 0/0
   124 | D:1      | Reached XP level 2. HP: 20/27 MP: 1/1
   477 | D:1      | Reached XP level 3. HP: 30/33 MP: 2/2
   563 | D:1      | Reached skill level 4 in Shields
  1019 | D:2      | Found an opulent altar of Gozag.
  1314 | D:2      | Noticed Terence
  1317 | D:2      | Killed Terence
  1318 | D:2      | Reached XP level 4. HP: 40/40 MP: 3/3
  1823 | D:3      | Found a faded altar of an unknown god.
  2336 | D:3      | Reached XP level 5. HP: 18/47 MP: 4/4
  2467 | D:4      | Found Uggiam's Book Emporium.
  2613 | D:4      | Found Vonuhow's Armour Shop.
  2625 | D:4      | Noticed an ogre
  2641 | D:4      | Killed an ogre
  2642 | D:4      | Reached skill level 5 in Long Blades
  2642 | D:4      | Reached skill level 1 in Dodging
  2642 | D:4      | Reached XP level 6. HP: 53/53 MP: 5/5
  2720 | D:4      | Found Rifuhagg's Armour Emporium.
  2720 | D:4      | Noticed an animated crystal plate armour
  2722 | D:4      | Noticed an animated gold dragon scales
  2766 | D:4      | Found a runed translucent gate.
  2766 | D:4      | Found a runed translucent gate.
  2766 | D:4      | Found a runed translucent gate.
  2767 | D:4      | Noticed TangoThomas's ghost (amateur DsRe)
  2824 | D:4      | Found a hazy altar of Hepliaklqana.
  2856 | D:4      | Reached skill level 5 in Armour
  2929 | D:4      | Found Vufo's Distillery.
  2948 | D:4      | Found Noene's Weapon Shop.
  3136 | D:4      | You fall into a shaft and drop 1 floor!
  3136 | D:5      | Entered Level 5 of the Dungeon
  3152 | D:5      | Reached skill level 5 in Fighting
  3155 | D:5      | Noticed a water moccasin
  3156 | D:5      | Noticed an ice beast
  3170 | D:5      | Killed a water moccasin
  3171 | D:5      | Reached skill level 5 in Shields
  3174 | D:5      | Reached XP level 7. HP: 38/61 MP: 6/6
  3351 | D:5      | Found a staircase to the Ecumenical Temple.
  3360 | D:5      | Noticed Blork the orc
  3367 | Temple   | Entered the Ecumenical Temple
  3371 | Temple   | Killed Blork the orc
  3534 | D:5      | Reached XP level 8. HP: 38/70 MP: 7/7
  3927 | D:5      | Noticed Sigmund
  3943 | D:5      | Killed Sigmund
  4588 | D:6      | Reached skill level 6 in Shields
  4634 | D:6      | Reached XP level 9. HP: 43/79 MP: 8/8
  5305 | D:6      | Identified the +9 spear of Trial by Ordeal {elec, Str+5
                  | Int-3}
  5479 | D:6      | Reached skill level 10 in Long Blades
  6022 | D:7      | Noticed a boulder beetle
  6027 | D:7      | Noticed a gargoyle
  6057 | D:7      | Killed a boulder beetle
  6058 | D:7      | Reached skill level 1 in Stealth
  6058 | D:7      | Reached skill level 7 in Shields
  6081 | D:7      | Killed an unseen horror
  6131 | D:7      | Killed a gargoyle
  6132 | D:7      | Reached XP level 10. HP: 16/88 MP: 9/9
  6422 | D:7      | Reached skill level 1 in Polearms
  6804 | D:7      | Found Degaliu's Elemental Accessories.
  6816 | D:7      | Found a radiant altar of Vehumet.
  7297 | D:8      | Found a hide-covered altar of Uskayaw.
  7348 | D:8      | Found an iron altar of Okawaru.
  7364 | D:8      | Became a worshipper of Warmaster Okawaru
  7427 | D:8      | Reached skill level 8 in Shields
  7616 | D:8      | Noticed Gastronok
  7638 | D:8      | Killed Gastronok
  7638 | D:8      | Reached * piety under Okawaru
  7713 | D:8      | Found an ornate altar of the Wu Jian Council.
  7726 | D:8      | Noticed Maggie
  7734 | D:8      | Killed Maggie
  8180 | D:9      | Reached ** piety under Okawaru
  8263 | D:9      | Noticed a two-headed ogre
  8269 | D:9      | Killed a two-headed ogre
  8270 | D:9      | Reached skill level 10 in Armour
  8270 | D:9      | Reached XP level 11. HP: 85/97 MP: 7/10
  8361 | D:9      | Found the +7 Throatcutter {drain, coup de grace}
  8502 | D:9      | Got Sif Muna's Cyclopedia of the Pit
  8529 | D:9      | Found a snail-covered altar of Cheibriados.
  9092 | D:10     | Entered Level 10 of the Dungeon
  9140 | D:10     | Noticed a two-headed ogre
  9144 | D:10     | Noticed a two-headed ogre
  9156 | D:10     | Killed a two-headed ogre
  9156 | D:10     | Reached *** piety under Okawaru
  9159 | D:10     | Reached skill level 9 in Shields
  9165 | D:10     | Killed a two-headed ogre
  9166 | D:10     | Reached skill level 10 in Fighting
  9323 | D:10     | Found a flagged portal.
  9336 | Bailey   | Entered a bailey
  9652 | Bailey   | Identified the +9 hand axe of Sunlight {holy, Drain rPois
                  | rF+ SInv}
  9694 | Bailey   | Reached **** piety under Okawaru
  9708 | Bailey   | HP: 5/101 [gnoll sergeant/+0 glaive (8)]
  9991 | Bailey   | Identified the ring "Wohailet" {Will+ Int+3 SInv}
 10149 | Bailey   | Reached skill level 5 in Dodging
 10572 | D:10     | Found a glowing silver altar of Zin.
 10984 | D:11     | Reached ***** piety under Okawaru
 10985 | D:11     | Reached XP level 12. HP: 63/108 MP: 11/11
 11278 | D:11     | Noticed a boulder beetle
 11300 | D:11     | Killed a boulder beetle
 11551 | D:11     | Reached skill level 10 in Shields
 11561 | D:11     | Found a staircase to the Orcish Mines.
 11603 | D:11     | Found a staircase to the Lair.
 11771 | D:11     | Noticed a boulder beetle
 11792 | D:11     | Killed a boulder beetle
 12166 | Lair:1   | Entered Level 1 of the Lair of Beasts
 12728 | Lair:1   | Received a gift from Okawaru
 12728 | Lair:1   | Reached ****** piety under Okawaru
 12751 | Lair:1   | Identified the +1 robe of Negation {Str+5}
 13252 | Lair:2   | Noticed a fire dragon
 13291 | Lair:2   | Killed a fire dragon
 13292 | Lair:2   | Reached skill level 15 in Long Blades
 13833 | Lair:3   | Noticed a catoblepas
 13833 | Lair:3   | Noticed an eight-headed hydra
 13871 | Lair:2   | Killed a catoblepas
 13935 | Lair:2   | Reached skill level 11 in Shields
 14330 | Lair:3   | Killed an eight-headed hydra
 14331 | Lair:3   | Reached XP level 13. HP: 50/119 MP: 12/12
 14699 | Lair:3   | Received a gift from Okawaru
 14699 | Lair:3   | Found the +5 Storm Queen's Shield {shock, Fly rElec}
 14888 | Lair:3   | Found a staircase to the Snake Pit.
 15232 | Lair:3   | Found a staircase to the Shoals.
 15447 | Lair:4   | Reached skill level 1 in Short Blades
 15562 | Lair:4   | Found a dark tunnel.
 15567 | Volcano  | Entered a volcano
 15706 | Volcano  | Reached skill level 12 in Shields
 16159 | Lair:4   | Found a staircase to the Slime Pits.
 16160 | Lair:4   | Found a viscous altar of Jiyva.
 17121 | D:12     | Found a gate leading to a gauntlet.
 17130 | Gauntlet | Entered a Gauntlet
 17130 | Gauntlet | Found a transporter.
 17130 | Gauntlet | Found a transporter.
 17139 | Gauntlet | Found a transporter.
 17149 | Gauntlet | Found a transporter.
 17164 | Gauntlet | Found a transporter.
 17178 | Gauntlet | Found a transporter.
 17193 | Gauntlet | Found a transporter.
 17201 | Gauntlet | Found a transporter.
 17224 | Gauntlet | Found a transporter.
 17278 | Gauntlet | Found a transporter.
 17300 | Gauntlet | Found a transporter.
 17317 | Gauntlet | Found a transporter.
 17481 | Gauntlet | Identified the +2 hat "Bitwiless" {Dex+2 Stlth+} (Okawaru
                  | gifted it to you in a Gauntlet)
 17481 | Gauntlet | Received a gift from Okawaru
 17491 | Gauntlet | Reached skill level 13 in Shields
 17738 | Gauntlet | Identified the +2 pair of gloves of the Final Beggars
                  | {Slay+2}
 17834 | Gauntlet | Noticed a minotaur
 17846 | Gauntlet | Killed a minotaur
 17860 | Gauntlet | Identified the +2 robe of Philately {rPois rC+ Dex+5}
 17861 | Gauntlet | Got the Treatise on Inhalation and the Crypt
 17863 | Gauntlet | Identified the +6 flail of Dominance {speed, rCorr}
 18061 | D:12     | Found Inguneo's Blood Bar.
 18215 | D:13     | Noticed Jorgrun
 18225 | D:13     | Killed Jorgrun
 18226 | D:13     | Reached skill level 1 in Invocations
 18229 | D:13     | Reached XP level 14. HP: 98/129 MP: 13/13
 18417 | D:13     | Reached skill level 15 in Armour
 18704 | D:13     | Reached skill level 14 in Shields
 18902 | Orc:1    | Entered Level 1 of the Orcish Mines
 19379 | Orc:2    | Entered Level 2 of the Orcish Mines
 19385 | Orc:2    | Identified the +3 scale mail of Okawaru's Esteem {Harm
                  | rCorr Int+4} (Okawaru gifted it to you on level 2 of the
                  | Orcish Mines)
 19385 | Orc:2    | Received a gift from Okawaru
 19506 | Orc:2    | Found a runed translucent gate.
 19506 | Orc:2    | Found a runed translucent gate.
 19507 | Orc:2    | Found a runed translucent gate.
 19510 | Orc:2    | Found Etsuett's Book Emporium.
 19587 | Orc:2    | Found a staircase to the Elven Halls.
 19894 | Orc:2    | HP: 3/130 [orc priest/divine providence (13)]
 20264 | Orc:2    | Reached skill level 15 in Shields
 20280 | Orc:2    | Found Ciemutta's Weapon Shoppe.
 20280 | Orc:2    | Found Iclu's Antique Weapon Boutique.
 20282 | Orc:2    | Found Enystrero's General Store.
 20282 | Orc:2    | Found Kaurusm's Jewellery Boutique.
 20597 | Orc:2    | Noticed MrAu's ghost (adept HuFi)
 20598 | Orc:2    | Identified the +1 broad axe of a Billion Spines {venom, Fly
                  | Str-2 Dex+4}
 20600 | Orc:2    | Found an iron altar of Okawaru.
 20649 | Orc:2    | Killed MrAu's ghost
 21407 | D:14     | Reached skill level 16 in Shields
 21479 | D:14     | Found a gate to the Vaults.
 21481 | D:14     | Identified the +2 helmet of Qarphaq {rCorr Int+3}
 21583 | D:15     | Entered Level 15 of the Dungeon
 21604 | D:15     | Received a gift from Okawaru
 22002 | D:15     | Found a staircase to the Depths.
 22004 | D:15     | Noticed a stone giant
 22017 | D:15     | Killed a stone giant
 22029 | D:15     | Reached XP level 15. HP: 128/139 MP: 15/15
 22229 | D:15     | Found a broken altar of Ashenzari.
 22707 | Lair:5   | Entered Level 5 of the Lair of Beasts
 23215 | Lair:5   | Reached skill level 15 in Fighting
 23215 | Lair:5   | Reached skill level 17 in Shields
 23404 | Lair:5   | Identified the +0 pair of gloves of the Northern Lights
                  | {rElec rPois rC- rCorr} (Okawaru gifted it to you on level
                  | 5 of the Lair of Beasts)
 23404 | Lair:5   | Received a gift from Okawaru
 23887 | Lair:5   | Found a transporter.
 23893 | Lair:5   | Found a transporter.
 23898 | Lair:5   | Found a bloodstained altar of Trog.
 23916 | Lair:5   | Noticed polpettosauro's ghost (journeyman DrTm)
 24908 | D:4      | Killed TangoThomas's ghost
 25245 | Lair:5   | Killed polpettosauro's ghost
 25250 | Lair:5   | HP: 7/141 [spriggan rider/+2 antimagic spear (13)]
 25263 | Lair:5   | Reached skill level 18 in Shields
 25645 | Snake:1  | Entered Level 1 of the Snake Pit
 25769 | Snake:1  | Noticed Aizul
 25788 | Snake:1  | Killed Aizul
 26145 | Snake:1  | Noticed ripuliukko's ghost (adept DEEE)
 26160 | Snake:1  | Found a runed translucent gate.
 26160 | Snake:1  | Found a runed translucent gate.
 26160 | Snake:1  | Found a runed translucent gate.
 26242 | Snake:1  | Found Wobb's Tiny Tomes.
 26521 | Snake:1  | Received a gift from Okawaru
 26529 | Snake:1  | Reached XP level 16. HP: 100/150 MP: 16/16
 27128 | Snake:1  | Killed ripuliukko's ghost
 27245 | Snake:2  | Found a frozen archway.
 27291 | IceCv    | Entered an ice cave
 27579 | IceCv    | Identified the +5 broad axe of Hietzus {heavy, rPois rC+
                  | Str-3 SInv}
 27615 | IceCv    | Received a gift from Okawaru
 27622 | IceCv    | Reached skill level 19 in Shields
 28289 | IceCv    | Noticed an Ice Fiend
 28360 | IceCv    | Killed an Ice Fiend
 28973 | Snake:2  | Received a gift from Okawaru
 29142 | Snake:2  | Slain by a naga warrior

Illustrated notes

Levels and vault maps discovered:
D:1:      ebering_hopf_link, layout_basic
D:2:      minmay_inner_zag, layout_loops_ring, basic_altar, uniq_terence
D:3:      layout_loops_ring, ebering_ecumenical_altar_webs, kennysheep_potato
D:4:      layout_loops_ring, old_standard_altar, ebering_ghost_rock_garden,
          serial_shops, nicolae_shop_industrial_runoff, nicolae_shop_mannequins,
          shop, nicolae_shop_advertising_works [nicolae_subvault_shop_adworks],
          shop
D:5:      minmay_recursive_quarters, layout_basic,
          minmay_temple_entry_statues_fountains, uniq_sigmund,
          uniq_blork_the_orc
D:6:      layout_loops_cross, kennysheep_donut, minivault_25, minivault_1
D:7:      layout_cave_pods, nicolae_vehumet_radiance, nicolae_elemental_shop,
          kb_rosetta
D:8:      layout_loops_cross, okawaru_metal_pillars_1_2, old_standard_altar,
          mainiacjoe_overflow_brackets, uniq_maggie, uniq_gastronok
D:9:      layout_basic, kennysheep_slug_shrine
D:10:     layout_roguey, lemuel_tele_altar, serial_demonic, serial_demonic_b,
          serial_demonic_c, serial_demonic_a, serial_demonic_g,
          serial_demonic_e, serial_demonic_b, serial_demonic_g,
          serial_demonic_a, enter_bailey_4
D:11:     minmay_the_grid_four_pointed_star
          [minmay_the_grid_triangle_9x9_longest,
          minmay_the_grid_triangle_9x9_wacky_v,
          minmay_the_grid_triangle_9x9_empty,
          minmay_the_grid_triangle_9x9_sparse_checkered,
          minmay_the_grid_prize_shrinking_boxes], layout_basic,
          lair_entry_dummy, hiddenorc2_lemuel
D:12:     layout_rooms, gauntlet_entry_generic, guppyfry_shop_blood
D:13:     layout_basic, uniq_jorgrun
D:14:     layout_loops_ring, david_vaults_4, kennysheep_crisscross
D:15:     grunt_enter_depths_giant_problem, layout_loops_cross,
          ashenzari_conservatory_becter
Temple:   nicolae_temple_no_exploring_needed
Lair:1:   layout_cave_pods, beast_lair_carwin_10
Lair:2:   dragon1_lemuel, layout_misc_corridors, lemuel_fruit_fields
Lair:3:   beargit_carnivore_pack, layout_small_grid,
          minmay_shoals_entry_lonely_mermaid, dummy_snake_entry
Lair:4:   layout_regular_city, slime_entry_1, serial_bayou, serial_bayou_pond_a,
          serial_bayou_crossing, serial_bayou_pond_a, serial_bayou_lake_a,
          enter_volcano_4, lemuel_fruit_tree, infiniplex_staircase_pool_2
Lair:5:   grunt_lair_end_beastmaster, layout_cave_pods,
          gammafunk_ghost_wrathful_warriors
Snake:1:  hangedman_cross_veins, layout_gridlike, gammafunk_ghost_split,
          nicolae_shop_i_like_small_books_too, grunt_ministairs_11, drop_trap,
          uniq_aizul
Snake:2:  layout_onion, portal_ice_cave_entry_ugly_swarm
Orc:1:    layout_diamond_mine, serial_shops, mines2_david
Orc:2:    grunt_orc_tribal_feast, layout_caves, gammafunk_ghost_fury_of_okawaru,
          serial_shops, nicolae_shop_tiny_statue_garden

Skill      XL: |  1  2  3  4  5  6  7  8  9 10 11 12 13 14 15 16 |
---------------+-------------------------------------------------+-----
Fighting       | 4 5 6 7 9 10 12 13 14 15 16 | 16.5
Armour         | 4 5 6 7 9 10 11 13 14 15 16 17 | 17.1
Shields        | 4 5 6 7 8 9 11 13 16 18 19 | 19.4
Long Blades    | 3 4 5 7 9 11 13 14 15 16 17 18 | 18.1
Dodging        | 1 2 3 4 5 6 |  6.6
Stealth        | 1 2 |  2.5
Polearms       | 1 |  1.6
Short Blades   | 1 |  1.2
Invocations    | 1 2 |  2.3

Action                     |  1- 3 |  4- 6 |  7- 9 | 10-12 | 13-15 | 16-18 || total
---------------------------+-------+-------+-------+-------+-------+-------++-------
  Melee: Long sword        |    88 |   123 |   208 |   439 |   912 |   262 ||  2032
         Headbutt          |    14 |    31 |    60 |   139 |   240 |    68 ||   552
         Scimitar          |       |       |    45 |   155 |       |       ||   200
         Spear             |       |       |    20 |       |       |       ||    20
         Short sword       |       |       |       |    23 |       |       ||    23
 Invoke: Heroism           |       |       |       |     7 |    10 |     4 ||    21
    Use: Potion            |     1 |     2 |     2 |     4 |     5 |     1 ||    15
         Scroll            |       |     5 |       |    17 |     6 |     1 ||    29
   Stab: Distracted        |       |       |       |     1 |       |       ||     1
         Petrified         |       |       |       |     2 |     1 |       ||     3
 Armour: Scale mail        |    40 |    36 |       |       |       |       ||    76
         Chain mail        |       |    14 |   113 |       |       |       ||   127
         Plate armour      |       |       |    23 |   313 |   240 |    71 ||   647
         Fire dragon scale |       |       |       |       |     7 |       ||     7
  Dodge: Dodged            |    41 |    64 |   156 |   428 |   314 |    77 ||  1080
  Block: Buckler           |    17 |    32 |    90 |   256 |     5 |       ||   400
         Kite shield       |       |       |       |       |   918 |   230 ||  1148
